[Event "CZE-ch U12 Open 2023"]
[Site "Teplice"]
[Date "2023.03.13"]
[Round "4.1"]
[White "Mydlar, Matej"]
[Black "Sochor, Antonin"]
[Result "1-0"]
[ECO "B28"]
[WhiteElo "1586"]
[BlackElo "1574"]
[Annotator "NA RC COMBH"]
[PlyCount "103"]
[EventDate "2023.03.09"]
[EventType "swiss"]
[EventCountry "CZE"]
[SourceTitle "playchess.com"]
[Source "ChessBase"]
[SourceQuality "1"]
[TimeControl "40/5400+30:1800+30"]

1. e4 c5 2. Nf3 a6 3. c4 e6 4. d4 cxd4 5. Nxd4 Nc6 6. Be3 Nf6 7. Nc3 Bb4 8. f3 O-O 9. Be2 d5 10. cxd5 exd5 11. Nxc6 bxc6 12. e5 Nd7 13. f4 Bc5 14. Bxc5 Nxc5 15. O-O f6 16. b4 Nb7 17. Qd4 fxe5 18. fxe5 Bf5 19. Bf3 Kh8 20. Rae1 Qd7 21. Na4 Rae8 22. Bh5 Rb8 23. Qf4 Qe7 24. Qd4 h6 25. Re3 Be4 26. Bf3 Bxf3 27. Rexf3 Rxf3 28. gxf3 Nd8 29. Nc5 Ne6 30. Nxe6 Qxe6 31. f4 Qf5 32. a3 Qg4+ 33. Kh1 Re8 34. Qd3 Qd7 35. Qd4 Qf5 36. Rc1 Re6 37. Rg1 Re7 38. Rg3 Qb1+ 39. Kg2 Qc2+ 40. Qf2 Qe4+ 41. Qf3 Qc2+ 42. Kh3 d4 43. Qd3 Qb2 44. Qxa6 Qc1 45. Qc8+ Kh7 46. Qf5+ Kg8 47. Qe4 Qf1+ 48. Kg4 Qd1+ 49. Qf3 Qc1 50. Kh3 Kh8 51. f5 Qc4 52. e6 1-0

[Event "CZE-ch U12 Open 2023"]
[Site "Teplice"]
[Date "2023.03.13"]
[Round "4.2"]
[White "Boff, Ondrej"]
[Black "Policar, Martin"]
[Result "0-1"]
[ECO "C05"]
[WhiteElo "1561"]
[BlackElo "1552"]
[Annotator "NA RC COMBH"]
[PlyCount "48"]
[EventDate "2023.03.09"]
[EventType "swiss"]
[EventCountry "CZE"]
[SourceTitle "playchess.com"]
[Source "ChessBase"]
[SourceQuality "1"]
[TimeControl "40/5400+30:1800+30"]

1. e4 e6 2. d4 d5 3. Bd3 Nf6 4. e5 Nfd7 5. Nd2 c5 6. c3 Nc6 7. Ne2 Be7 8. Qc2 c4 9. Bxh7 Nf8 10. Be4 dxe4 11. Nxc4 b6 12. Ng3 e3 13. f3 Ba6 14. b3 Bxc4 15. bxc4 Bh4 16. Rg1 Qg5 17. Qa4 Bxg3+ 18. hxg3 Qxg3+ 19. Kd1 Rc8 20. d5 Qf2 21. Bxe3 Qxe3 22. Kc2 Qe2+ 23. Kb3 b5 24. Qxb5 Rb8 0-1

[Event "CZE-ch U12 Open 2023"]
[Site "Teplice"]
[Date "2023.03.13"]
[Round "4.3"]
[White "Mik, Tomas"]
[Black "Chernyy, Andrey"]
[Result "1/2-1/2"]
[ECO "C49"]
[WhiteElo "1911"]
[BlackElo "1605"]
[Annotator "TA"]
[PlyCount "60"]
[EventDate "2023.03.09"]
[EventType "swiss"]
[EventCountry "CZE"]
[SourceTitle "playchess.com"]
[Source "ChessBase"]
[SourceQuality "1"]
[TimeControl "40/5400+30:1800+30"]

1. e4 e5 2. Nf3 Nc6 3. Nc3 Nf6 4. Bb5 Bb4 5. O-O O-O 6. d3 d6 7. Ne2 Ne7 8. c3 Ba5 9. Ng3 {[%emt 0:00:34] C49: Four Knights: 4 Bb5 Bb4.} c6 10. Ba4 Ng6 11. Be3 {[%emt 0:03:35] The position is equal.} h6 12. h3 Be6 {[%emt 0:01:00] [#]} (12... d5 $142) 13. Qd2 $146 ({Predecessor:} 13. Qe2 Bc7 14. d4 d5 15. dxe5 Nxe5 16. Bc5 Re8 17. Nxe5 Bxe5 18. f4 Bc7 19. e5 Nh7 20. Bc2 Bc8 21. Qd3 Nf8 22. Nh5 Bb6 23. Bf2 Qh4 24. Ng3 {1-0 Pham Quoc Rang,S-La Nguyen Thao,N Ho Chi Minh (Women) 4th rapid 1999 (6)}) 13... Kh7 ({Better is} 13... Re8 $11) 14. d4 $14 Bc7 15. Rad1 Qe7 16. Nf5 {[%emt 0:01:37] [#]} ({White should play} 16. Qc2 $14) 16... Nxe4 $1 $15 17. Nxe7 Nxd2 18. Rxd2 {[%emt 0:00:52] aiming for Bc2.} Nxe7 19. dxe5 dxe5 (19... Bxa2 $2 20. exd6 Bxd6 21. Rxd6 $18) 20. Bc5 Rfe8 21. Bc2+ Kg8 22. Bd6 Bxd6 23. Rxd6 Nf5 24. Bxf5 Bxf5 25. Rfd1 f6 26. Nh4 Be6 27. g4 Kf7 ({And not} 27... Bxa2 28. Rd7 $15) (27... h5 $142 28. Nf5 hxg4 29. hxg4 g6) 28. Nf5 $17 Bxf5 ({Don't play} 28... Bxa2 29. Rd7+ Kf8 30. Rxg7 $14 (30. Nxg7 Re7 $14) (30. Rxb7 Red8 $14)) 29. gxf5 Re7 30. Kg2 Rae8 {[%emt 0:03:46] Weighted Error Value: White=0.16 (very precise) /Black=0.16 (very precise)} 1/2-1/2

[Event "CZE-ch U12 Open 2023"]
[Site "Teplice"]
[Date "2023.03.13"]
[Round "4.4"]
[White "Kroulik, Vaclav"]
[Black "Frantsev, Iegor"]
[Result "1-0"]
[ECO "B11"]
[WhiteElo "1772"]
[BlackElo "1424"]
[Annotator "NA RC COMBH"]
[PlyCount "51"]
[EventDate "2023.03.09"]
[EventType "swiss"]
[EventCountry "CZE"]
[SourceTitle "playchess.com"]
[Source "ChessBase"]
[SourceQuality "1"]
[TimeControl "40/5400+30:1800+30"]

1. e4 c6 2. Nf3 d5 3. Nc3 Bg4 4. h3 Bxf3 5. Qxf3 e6 6. d4 Bd6 7. Bd3 Nd7 8. O-O Ne7 9. Re1 O-O 10. e5 Bc7 11. Ne2 Ng6 12. Nf4 c5 13. c3 cxd4 14. cxd4 Bb6 15. Be3 Rc8 16. Nxg6 hxg6 17. Qg4 Qe7 18. a3 a6 19. h4 Nb8 20. h5 gxh5 21. Qxh5 g6 22. Qh6 Bd8 23. g3 Re8 24. Bxg6 fxg6 25. Qxg6+ Kh8 26. Kg2 1-0

[Event "CZE-ch U12 Open 2023"]
[Site "Teplice"]
[Date "2023.03.13"]
[Round "4.5"]
[White "Sochor, Vaclav"]
[Black "Bara, Jan"]
[Result "1/2-1/2"]
[ECO "B21"]
[WhiteElo "1503"]
[BlackElo "1712"]
[Annotator "NA RC COMBH"]
[PlyCount "69"]
[EventDate "2023.03.09"]
[EventType "swiss"]
[EventCountry "CZE"]
[SourceTitle "playchess.com"]
[Source "ChessBase"]
[SourceQuality "1"]
[TimeControl "40/5400+30:1800+30"]

1. e4 c5 2. d4 cxd4 3. c3 d3 4. Bxd3 Nc6 5. f4 g6 6. Nf3 Bg7 7. O-O e6 8. Be3 Nge7 9. Nbd2 O-O 10. Qe2 d5 11. e5 a6 12. a4 Bd7 13. Nd4 Nxd4 14. Bxd4 Nc6 15. Bc5 Re8 16. Nf3 Rb8 17. Bd6 Qb6+ 18. Kh1 Rbc8 19. b4 Bf8 20. a5 Qa7 21. Bxf8 Rxf8 22. Qd2 Rfd8 23. Rfc1 Be8 24. Be2 Rc7 25. Nd4 Nxd4 26. Qxd4 Qxd4 27. cxd4 Rdc8 28. Rc5 Kf8 29. Rac1 Rxc5 30. bxc5 Ke7 31. Rb1 Bc6 32. g4 Kd7 33. g5 h6 34. Kg2 h5 35. h4 1/2-1/2

[Event "CZE-ch U12 Open 2023"]
[Site "Teplice"]
[Date "2023.03.13"]
[Round "4.6"]
[White "Rudlof, Adam"]
[Black "Hladky, Mikulas"]
[Result "0-1"]
[ECO "C55"]
[WhiteElo "1409"]
[BlackElo "1476"]
[Annotator "NA RC COMBH"]
[PlyCount "90"]
[EventDate "2023.03.09"]
[EventType "swiss"]
[EventCountry "CZE"]
[SourceTitle "playchess.com"]
[Source "ChessBase"]
[SourceQuality "1"]
[TimeControl "40/5400+30:1800+30"]

1. e4 e5 2. Nf3 Nc6 3. Bc4 Nf6 4. d4 exd4 5. e5 d5 6. Bb5 Ne4 7. O-O Bc5 8. Nxd4 Bd7 9. Be3 Bb6 10. Bxc6 bxc6 11. c3 O-O 12. Nd2 Nxd2 13. Qxd2 Re8 14. Nf3 Bg4 15. Nd4 c5 16. Nb3 c4 17. Bxb6 axb6 18. Nd4 Rxe5 19. Nc6 Re2 20. Qd4 Qg5 21. f4 Qf5 22. Ne5 Qe6 23. Rfe1 c5 24. Qd1 Rxg2+ 25. Kxg2 Bxd1 26. Raxd1 f6 27. Nf3 Qg4+ 28. Kf2 Rxa2 29. Re2 Qxf4 30. Rxd5 g5 31. Rd7 Kf8 32. h3 h5 33. Kg2 g4 34. Rd8+ Kf7 35. Ng1 gxh3+ 36. Kxh3 h4 37. Rg2 Rxb2 38. Rd7+ Ke6 39. Rd8 Rxg2 40. Kxg2 Qg3+ 41. Kf1 Qxc3 42. Ne2 Qf3+ 43. Ke1 Ke7 44. Rb8 h3 45. Rh8 Qg2 0-1

[Event "CZE-ch U12 Open 2023"]
[Site "Teplice"]
[Date "2023.03.13"]
[Round "4.7"]
[White "Migalko, Dmitriy"]
[Black "Mikulka, Martin Michael"]
[Result "0-1"]
[ECO "C01"]
[WhiteElo "1581"]
[BlackElo "1786"]
[Annotator "NA COMBH"]
[PlyCount "136"]
[EventDate "2023.03.09"]
[EventType "swiss"]
[EventCountry "CZE"]
[SourceTitle "playchess.com"]
[Source "ChessBase"]
[SourceQuality "1"]
[TimeControl "40/5400+30:1800+30"]

1. e4 e6 2. d4 d5 3. exd5 exd5 4. c4 Nf6 5. Nc3 Bb4 6. Bd3 O-O 7. Bg5 dxc4 8. Bxc4 h6 9. Bh4 Nc6 10. Nge2 Bg4 11. f3 Bf5 12. O-O Be7 13. Bf2 Qd7 14. a3 Rad8 15. Qd2 Rfe8 16. Rad1 Bf8 17. Bb5 a6 18. Ba4 b5 19. Bc2 Bxc2 20. Qxc2 b4 21. Ne4 Nd5 22. Qc4 bxa3 23. bxa3 Bd6 24. Rc1 Nce7 25. Nxd6 Qxd6 26. Nc3 Nxc3 27. Qxc3 Nd5 28. Qc6 Re6 29. Qxd6 Rdxd6 30. Rc5 Rd7 31. Rfc1 Rb6 32. Bg3 Rb3 33. Ra5 Nc3 34. Kf1 Rxd4 35. Be5 Ra4 36. Bxc7 Raxa3 37. Ra1 Rxa1+ 38. Rxa1 Rb1+ 39. Rxb1 Nxb1 40. Ke2 Nc3+ 41. Kd3 Nd5 42. Bd6 Kh7 43. Kd4 Nb6 44. Kc5 Na4+ 45. Kb4 Nb2 46. Bg3 Kg6 47. Ka5 Nc4+ 48. Kxa6 Ne3 49. Kb5 Nxg2 50. Kc4 Ne3+ 51. Kd3 Nd5 52. Ke4 Nf6+ 53. Ke5 Nd7+ 54. Kd6 Nf8 55. Ke5 Kh5 56. h3 Nh7 57. f4 Kg6 58. Bh4 Nf8 59. Bg3 Nd7+ 60. Ke4 f6 61. Kd5 Kf5 62. Kd6 Nf8 63. Ke7 Ne6 64. Kf7 Nxf4 65. Bxf4 Kxf4 66. Kxg7 Kg5 67. h4+ Kxh4 68. Kxf6 Kg4 0-1

[Event "CZE-ch U12 Open 2023"]
[Site "Teplice"]
[Date "2023.03.13"]
[Round "4.8"]
[White "Komarek, Tobias"]
[Black "Maly, Jiri"]
[Result "1-0"]
[ECO "A11"]
[WhiteElo "1515"]
[BlackElo "1520"]
[Annotator "NA RC COMBH"]
[PlyCount "55"]
[EventDate "2023.03.09"]
[EventType "swiss"]
[EventCountry "CZE"]
[SourceTitle "playchess.com"]
[Source "ChessBase"]
[SourceQuality "1"]
[TimeControl "40/5400+30:1800+30"]

1. c4 c6 2. g3 Nf6 3. Bg2 d5 4. cxd5 cxd5 5. d4 Bf5 6. Nc3 e6 7. Bf4 Bd6 8. Bxd6 Qxd6 9. Nf3 Nc6 10. O-O h6 11. Qb3 b6 12. Nb5 Qd7 13. Qa3 Ne7 14. Nd6+ Kf8 15. Ne5 Qc7 16. Rac1 Qb8 17. Nxf5 exf5 18. Bxd5 Ke8 19. Bxa8 Qxa8 20. Qa4+ Kf8 21. Nd7+ Kg8 22. Nxf6+ gxf6 23. Rc7 Ng6 24. Rfc1 Kg7 25. Rxa7 Qe4 26. Qc4 Ne7 27. d5 Qe5 28. Qc7 1-0

[Event "CZE-ch U12 Open 2023"]
[Site "Teplice"]
[Date "2023.03.13"]
[Round "4.9"]
[White "Kupka, Alexandr"]
[Black "Sboev, Kirill"]
[Result "0-1"]
[ECO "C50"]
[WhiteElo "1220"]
[BlackElo "1506"]
[Annotator "NA RC COMBH"]
[PlyCount "72"]
[EventDate "2023.03.09"]
[EventType "swiss"]
[EventCountry "CZE"]
[SourceTitle "playchess.com"]
[Source "ChessBase"]
[SourceQuality "1"]
[TimeControl "40/5400+30:1800+30"]

1. e4 e5 2. Nf3 Nc6 3. Bc4 Nf6 4. d3 Bc5 5. c3 O-O 6. O-O d5 7. exd5 Nxd5 8. Re1 Re8 9. Nbd2 Nb6 10. Bb3 Qxd3 11. Ng5 Re7 12. Qh5 Qf5 13. Ndf3 h6 14. Bxf7+ Rxf7 15. Qxf7+ Qxf7 16. Nxf7 Kxf7 17. Nxe5+ Nxe5 18. Rxe5 Bd6 19. Re1 Bf5 20. Be3 Nc4 21. b3 Nxe3 22. Rxe3 Rd8 23. Rae1 g6 24. c4 Bb4 25. Ra1 Rd2 26. a3 Bxa3 27. g3 Bc5 28. Rf3 Kg7 29. b4 Bxb4 30. h4 h5 31. Rxa7 Be4 32. Kg2 Rd3 33. Ra4 Bxf3+ 34. Kh3 Rd1 35. g4 hxg4+ 36. Kg3 Bd6# 0-1

[Event "CZE-ch U12 Open 2023"]
[Site "Teplice"]
[Date "2023.03.13"]
[Round "4.10"]
[White "Rendl, Lubos"]
[Black "Tejnor, Martin"]
[Result "1-0"]
[ECO "D85"]
[WhiteElo "1477"]
[BlackElo "1360"]
[Annotator "NA RC COMBH"]
[PlyCount "65"]
[EventDate "2023.03.09"]
[EventType "swiss"]
[EventCountry "CZE"]
[SourceTitle "playchess.com"]
[Source "ChessBase"]
[SourceQuality "1"]
[TimeControl "40/5400+30:1800+30"]

1. d4 Nf6 2. c4 g6 3. Nc3 d5 4. cxd5 Nxd5 5. e4 Nxc3 6. bxc3 Bg7 7. Nf3 O-O 8. Be3 c5 9. h4 Bg4 10. Rb1 Qc7 11. Qd2 Rd8 12. Be2 cxd4 13. cxd4 Nc6 14. d5 Ne5 15. Nxe5 Bxe5 16. O-O Bxe2 17. Qxe2 b6 18. Rfc1 Qd7 19. Rc6 Rac8 20. Rbc1 Rxc6 21. Rxc6 Rc8 22. f4 Bf6 23. Qc4 Ra8 24. h5 Qg4 25. h6 Qd1+ 26. Kf2 Qg4 27. f5 Bh4+ 28. Kg1 Qd1+ 29. Kh2 f6 30. d6+ Kf8 31. dxe7+ Kxe7 32. Qe6+ Kf8 33. Rc7 1-0

[Event "CZE-ch U12 Open 2023"]
[Site "Teplice"]
[Date "2023.03.13"]
[Round "4.11"]
[White "Krisica, Lukas"]
[Black "Sudrich, Radek"]
[Result "1/2-1/2"]
[ECO "D00"]
[WhiteElo "1342"]
[BlackElo "2054"]
[Annotator "TA"]
[PlyCount "67"]
[EventDate "2023.03.09"]
[EventType "swiss"]
[EventCountry "CZE"]
[SourceTitle "playchess.com"]
[Source "ChessBase"]
[SourceQuality "1"]
[TimeControl "40/5400+30:1800+30"]

1. d4 d5 2. e3 Bf5 3. Bd3 Bxd3 4. Qxd3 Nf6 5. f4 e6 6. Nf3 {[%emt 0:02:14] D00: 1 d4 d5: Unusual lines.} c6 7. O-O Be7 8. Nbd2 O-O 9. Ne5 Nbd7 10. Rf3 c5 11. c3 c4 12. Qc2 Ne8 13. Rh3 {[%emt 0:01:55][%csl Gh3][%cal Rc2h7] [#]} f5 {[%emt 0:00:09][%cal Bf7f5,Bf5e4][%mdl 32] [#]} 14. Ndf3 $146 (14. b3 $11) ({Predecessor:} 14. g4 Nd6 15. Nxd7 Qxd7 16. g5 Ne4 17. Nxe4 fxe4 18. Qg2 g6 19. Bd2 b5 20. a3 {½-½ Garcia Maicas,V (2063)-Tenev Gochev,P VLC CS-chT Preferente 2003}) 14... Nd6 $15 15. Nd2 Nxe5 16. fxe5 Ne4 17. Nxe4 (17. Rf3 $15) 17... fxe4 $17 18. Qe2 Qe8 19. Bd2 Qf7 20. Be1 a5 21. Bh4 {[%emt 0:05:39] [#]} Bxh4 (21... b5 $1 $17 22. Bxe7 Qxe7) 22. Rxh4 $15 h6 (22... Qe7 {simplifies} 23. g3 b5 24. a3 b4) 23. Rf1 Qxf1+ 24. Qxf1 Rxf1+ 25. Kxf1 {[%mdl 4096] Endgame KR-KR} Ra6 (25... Rf8+ $15 26. Rf4 g5 {[%mdl 64] Pin} 27. Rxf8+ Kxf8) 26. Rf4 $1 $11 Rb6 27. Rf2 Rb5 28. g4 Kh7 29. Kg2 Kg6 30. Kg3 h5 31. gxh5+ Kxh5 {[%emt 0:00:09] The position is equal.} 32. h4 g5 33. hxg5 Kxg5 34. Kh3 {[%emt 0:02:40] Weighted Error Value: White=0.17 (very precise) /Black=0.18 (very precise)} 1/2-1/2